 Dungeon Crawl Stone Soup version 0.29-a0-1052-g6990b1bffc (webtiles) character file.

Game seed: 5445990116513221203

1385 DungeonMaster the Trooper (level 8, -2/64 HPs)
             Began as a Demonspawn Wanderer on Aug 16, 2022.
             Was an Initiate of Gozag.
             Slain by a gnoll
             ... wielding a +0 halberd
             ... led by a gnoll bouda
              (12 damage)
             ... on level 5 of the Dungeon.
             The game lasted 00:10:24 (4812 turns).

DungeonMaster the Trooper (Demonspawn Wanderer)     Turns: 4812, Time: 00:10:25

Health: -2/64      AC:  8    Str: 11    XL:     8   Next: 40%
Magic:  8/8        EV: 13    Int: 11    God:    Gozag
Gold:   171        SH:  8    Dex: 19    Spells: 7/7 levels left

rFire   . . .      SeeInvis .   a - +3 falchion
rCold   . . .      Faith    .   (no shield)
rNeg    . . .      Spirit   .   d - +0 ring mail
rPois   .          Reflect  .   m - +0 helmet
rElec   .          Harm     .   (no cloak)
rCorr   .          Rampage  .   b - +0 pair of gloves
Will    +....                   (no boots)
Stlth   ++........              (no amulet)
HPRegen 0.20/turn               e - ring of willpower
MPRegen 0.11/turn               (no ring)

@: gold aura
A: hooves 2, large bone plates 3
a: Renounce Religion, Potion Petition, Call Merchant, Bribe Branch


You were on level 5 of the Dungeon.
You worshipped Gozag.
Gozag was aware of your devotion.
You visited 2 branches of the dungeon, and saw 6 of its levels.
You also visited: Ossuary.

You collected 252 gold pieces.
You paid 81 gold pieces to Gozag.

Inventory:

Hand Weapons
 a - a +3 falchion (weapon)
 f - a +1 dagger of venom
 u - a +0 executioner's axe
 v - a +2 whip of venom
Missiles
 h - 15 poisoned darts (quivered)
Armour
 b - a +0 pair of gloves (worn)
 d - a +0 ring mail (worn)
 m - a +0 helmet (worn)
Magical Staves
 j - a staff of fire
Jewellery
 e - a ring of willpower (left hand)
Scrolls
 c - a scroll of silence
 k - a scroll of teleportation
 n - a scroll of immolation
 p - 4 scrolls of fear
Potions
 g - 3 potions of mutation
 i - a potion of brilliance
 o - 3 potions of flight
 q - 4 potions of curing
 r - a potion of lignification
 s - a potion of haste {unknown}
 t - 2 potions of might


   Skills:
 * Level 6.2 Fighting
 - Level 3.6 Long Blades
 * Level 5.2 Armour
 * Level 5.3 Dodging
 - Level 2.6 Stealth
 - Level 1.0 Evocations


You had 7 spell levels left.
You didn't know any spells.
Your spell library contained the following spells:

 Spells                   Type           Power      Damage    Failure   Level
 Shock                    Conj/Air       0%         1d3       61%         1
 Swiftness                Air            0%         N/A       93%         3
 Airstrike                Air            0%         2d(0-16)  100%        4


Dungeon Overview and Level Annotations

Branches:
Dungeon (5/15)             Temple (1/1) D:5         Ossuary (visited)

Altars:
Cheibriados
Gozag
Kikubaaqudgha
Ru
Sif Muna
Wu Jian

Shops:
D:2 (?!![

Annotations:
D:3 Sigmund, Terence


Innate Abilities, Weirdness & Mutations

You have hoof-like feet.
You are completely covered in large bone plates. (SH +8)


Message History

The gnoll misses you.
You slash the gnoll bouda! Your kick misses the gnoll bouda.
The gnoll bouda is almost dead.
The gnoll is no longer moving quickly.
The gnoll closely misses you. You block the gnoll bouda's attack.
The gnoll hits you from afar with a +0 halberd!
* * * LOW HITPOINT WARNING * * *
The gnoll misses you.
You slash the gnoll bouda!
You kill the gnoll bouda!
The gnoll closely misses you. x2
You feel much better.
The gnoll is distracted by your dazzling golden aura.
The gnoll hits you with a +0 flail.
The gnoll shouts!
You hit the gnoll. You kick the gnoll.
The gnoll is heavily wounded.
The gnoll misses you.
You hit the gnoll.
You kill the gnoll!
The gnoll is no longer distracted by gold.
The gnoll closely misses you. The gnoll hits you with a +0 halberd.
Things that are here:
8 gold pieces; a +0 flail You hit the gnoll.
The gnoll is heavily wounded.
The gnoll hits you with a +0 halberd.
You hit the gnoll. You kick the gnoll, but do no damage.
The gnoll is heavily wounded.
The gnoll hits you with a +0 halberd. The gnoll closely misses you.
You hit the gnoll but do no damage. You kick the gnoll.
The gnoll is almost dead.
The gnoll hits you with a +0 halberd!
* * * LOW HITPOINT WARNING * * *
You barely miss the gnoll. Your kick misses the gnoll.
The gnoll is almost dead.
The gnoll hits you with a +0 halberd!
You die...
Your body crumbles into a pile of gold.

.####### ........ .# #
#.....###.# .##
.......... ..#
.#.......# #.#
.###...#.# #.#
...###...# #.###.#
.......#.# #g....#
.>..##...# #@#
....#..#.# #$#######
...##.##.#######$$...[..
##.#..##.....$..$.######
.#.#..##...#(####.#
......##...#.# ...
..#..........# .###
#.....##...... ..
.....###.....$ .#


You could see a gnoll (swift).

Vanquished Creatures
  Pikel (D:4)
  A wraith (Ossuary)
  An ogre (D:4)
  An ice beast (D:5)
  A lemure (D:4)
  2 scorpions (D:4)
  A hound (D:4)
  A gnoll bouda (D:5)
  Jessica (D:3)
  2 iguanas
  Natasha (thrice) (D:2)
  A mummy (Ossuary)
  Robin (D:1)
  11 gnolls (D:5)
  7 adders
  A white imp (D:5)
  An ufetubus (D:5)
  2 worms
  3 dart slugs
  2 orcs
  9 ball pythons
  6 endoplasms
  16 goblins
  8 hobgoblins
  7 jackals
  5 quokkas
  8 bats
  A frilled lizard (D:3)
  5 gnoll skeletons (Ossuary)
  7 kobolds
  6 kobold skeletons (Ossuary)
  14 orc skeletons (Ossuary)
  5 rats
141 creatures vanquished.

Notes
Turn   | Place    | Note
-------+----------+-------------------------------------------
     0 | D:1      | DungeonMaster the Demonspawn Wanderer began the quest for
                  | the Orb.
     0 | D:1      | DungeonMaster set off with the following items: a +3
                  | falchion, a +0 pair of gloves, a scroll of silence, a +0
                  | robe.
     0 | D:1      | Reached XP level 1. HP: 16/16 MP: 1/1
   234 | D:1      | Gained mutation: You are partially covered in large bone
                  | plates. (SH +4) [demonic ancestry]
   234 | D:1      | Reached XP level 2. HP: 22/22 MP: 2/2
   434 | D:1      | Reached skill level 1 in Dodging
   482 | D:1      | Reached skill level 1 in Armour
  1174 | D:2      | Gained mutation: You have large cloven feet. [demonic
                  | ancestry]
  1174 | D:2      | Reached XP level 3. HP: 28/28 MP: 3/3
  1215 | D:2      | Noticed Natasha
  1217 | D:2      | Found Amobbi's Armour Shop.
  1224 | D:2      | Killed Natasha
  1229 | D:2      | Found Yvoitewk's Distillery.
  1290 | D:2      | Found an ancient bone altar of Kikubaaqudgha.
  1311 | D:2      | Noticed Robin
  1444 | D:2      | Gained mutation: You are mostly covered in large bone
                  | plates. (SH +6) [demonic ancestry]
  1444 | D:2      | Reached XP level 4. HP: 34/34 MP: 4/4
  1570 | D:1      | Killed Robin
  1571 | D:1      | Reached skill level 3 in Fighting
  1600 | D:2      | Found Nunez's Distillery.
  1614 | D:2      | Found Yjayby's Magic Scroll Shoppe.
  1655 | D:2      | Found Oteekk's Antique Weapon Emporium.
  1723 | D:2      | Noticed Natasha
  1734 | D:2      | Killed Natasha
  2078 | D:2      | Noticed Natasha
  2085 | D:2      | Killed Natasha
  2086 | D:2      | Reached XP level 5. HP: 27/41 MP: 5/5
  2507 | D:3      | Noticed Terence
  2543 | D:3      | Noticed Jessica
  2548 | D:3      | Killed Jessica
  2769 | D:3      | Found a sacrificial altar of Ru.
  2883 | D:3      | Found an ornate altar of the Wu Jian Council.
  2915 | D:3      | Noticed Sigmund
  3073 | D:4      | Noticed an ogre
  3090 | D:4      | Killed an ogre
  3091 | D:4      | Reached skill level 4 in Fighting
  3091 | D:4      | Gained mutation: You are completely covered in large bone
                  | plates. (SH +8) [demonic ancestry]
  3091 | D:4      | Reached XP level 6. HP: 48/48 MP: 6/6
  3170 | D:4      | Found a sand-covered staircase.
  3180 | Ossuary  | Entered an ossuary
  3180 | Ossuary  | Noticed a wraith
  3180 | Ossuary  | Noticed a wraith
  3180 | Ossuary  | Noticed a wraith
  3414 | Ossuary  | Noticed a wraith
  3432 | Ossuary  | Killed a wraith
  3563 | D:4      | Reached XP level 7. HP: 52/55 MP: 7/7
  3572 | D:4      | Noticed Pikel
  3586 | D:4      | Killed Pikel
  3587 | D:4      | Reached skill level 5 in Fighting
  3854 | D:4      | Gained mutation: You have hoof-like feet. [demonic
                  | ancestry]
  3854 | D:4      | Reached XP level 8. HP: 60/63 MP: 8/8
  4367 | D:5      | Entered Level 5 of the Dungeon
  4517 | D:5      | Found a staircase to the Ecumenical Temple.
  4538 | D:5      | Reached skill level 5 in Armour
  4538 | D:5      | Reached skill level 5 in Dodging
  4540 | D:5      | Reached skill level 6 in Fighting
  4568 | Temple   | Entered the Ecumenical Temple
  4726 | Temple   | Became a worshipper of Gozag Ym Sagoz the Greedy
  4812 | D:5      | Slain by a gnoll

Illustrated notes

Levels and vault maps discovered:
D:1:      dpeg_arrival_long_road, layout_rooms, chequers_big_river
D:2:      layout_loops_cross, serial_shops, nicolae_shop_stone,
          nicolae_shop_waterfront, nicolae_shop_stone, shop,
          nicolae_shop_window_shopping, basic_altar, uniq_robin, uniq_natasha
D:3:      layout_basic, mainiacjoe_overflow_paths, mainiacjoe_overflow_swirl,
          shapermc_ecumenical_altar_mp_ritualfount,
          minmay_misc_feat_more_columns, minmay_unequal, uniq_sigmund,
          uniq_jessica, uniq_terence
D:4:      layout_loops_ring, lightli_ossuary_entry_decrepit_ruins, uniq_pikel
D:5:      layout_loops_ring, minmay_temple_entry_slanted,
          ebering_ghost_rock_garden, feat_on_display
Temple:   hc_temple_tempest_star

Skill      XL: |  1  2  3  4  5  6  7  8 |
---------------+-------------------------+-----
Dodging        | 1 2 3 4 5 |  5.3
Armour         | 1 2 3 4 5 |  5.2
Fighting       | 3 4 5 6 |  6.2
Long Blades    | |  3.6
Stealth        | |  2.6
Evocations     | |  1.0

Action                   |  1- 3 |  4- 6 |  7- 9 || total
-------------------------+-------+-------+-------++-------
Melee: Falchion          |    79 |   163 |   111 ||   353
       Kick              |     1 |    48 |    32 ||    81
       Punch             |       |     2 |     1 ||     3
Throw: Dart              |     4 |     3 |    12 ||    19
  Use: Scroll            |     6 |    12 |       ||    18
       Potion            |       |     1 |     2 ||     3
 Stab: Sleeping          |     5 |     4 |     2 ||    11
Armor: Robe              |     5 |       |       ||     5
       Ring mail         |    24 |    62 |    30 ||   116
Dodge: Dodged            |    48 |    89 |    69 ||   206
Block: Other             |    10 |    54 |    34 ||    98

Table legend: (Time is in decaauts)
 A = Elapsed time spent in this place.
 B = Non-inter-level travel time spent in this place.
 C = Inter-level travel time spent in this place.
 D = Time resting spent in this place.
 E = Time spent auto-exploring this place.
 F = Levels seen in this place.
 G = Mean time per level.
                   A        B        C        D        E       F      G
               +--------+--------+--------+--------+--------+-----+--------+
         Total |   4870 |   4813 |     57 |    537 |   3074 |   7 |  695.7 |
       Dungeon |   4381 |   4345 |     36 |    470 |   2927 |   5 |  876.2 |
        Temple |    179 |    158 |     21 |      0 |    147 |   1 |  179.0 |
       Ossuary |    309 |    309 |      0 |     67 |      0 |   1 |  309.0 |
               +--------+--------+--------+--------+--------+-----+--------+

Top non-repeatable levels by time:
     D:1: 1397 daAuts
     D:4: 1142 daAuts
     D:2: 1024 daAuts
     D:3: 544 daAuts
 Ossuary: 309 daAuts
     D:5: 272 daAuts
  Temple: 179 daAuts
